 Dungeon Crawl Stone Soup version 0.24.0-1-gfbc8707122 (webtiles) character file.

Game seed: 11013996961100039244, levelgen mode: deterministic

7417 HouseUA the Carver (level 11, -4/78 HPs)
             Began as a Barachi Hunter on Oct 27, 2019.
             Was a Priest of Elyvilon.
             Slain by a jiangshi (8 damage)
             ... led by a vampire mage
             ... on level 2 of the Abyss.
             The game lasted 02:30:57 (8932 turns).

HouseUA the Carver (Barachi Hunter)                 Turns: 8932, Time: 02:30:57

Health: -4/78      AC: 16    Str: 16    XL:     11   Next: 14%
Magic:  13/14      EV:  7    Int: 11    God:    Elyvilon [***...]
Gold:   519        SH: 10    Dex: 14    Spells: 15/15 levels left

rFire    . . .     SeeInvis .   a - +2 hand crossbow
rCold    . . .     Gourm    .   H - +1 shield
rNeg     . . .     Faith    .   I - +0 chain mail
rPois    .         Spirit   .   (helmet restricted)
rElec    .         Reflect  .   c - +0 cloak
rCorr    .         Harm     .   v - +2 pair of gloves
MR       +....                  (no boots)
Stlth    ..........             (no amulet)
HPRegen  0.23/turn              k - ring of protection from magic
MPRegen  0.14/turn              J - +4 ring of slaying

@: protection, can't hop, hasted, lightly drained, quick
A: +LOS, swims, fangs 1, horns 1, talons 1, slowness 1, strong legs 1
a: Hop, Lesser Healing, Heal Other, Purification, Divine Protection, Renounce
Religion


You were on level 2 of the Abyss.
You worshipped Elyvilon.
Elyvilon was most pleased with you.
You were not hungry.

You visited 3 branches of the dungeon, and saw 10 of its levels.
You visited the Abyss 1 time.
You also visited: Sewer.

You collected 519 gold pieces.

Inventory:

Hand Weapons
 a - a +2 hand crossbow (weapon)
 b - a +0 hand axe of freezing
 l - a +3 rapier of flaming
 C - a +0 quarterstaff
 L - a +0 shortbow
 M - a +0 falchion
 O - a +5 battleaxe
 Q - a +2 flail of distortion
 R - a +0 scythe
 X - a +1 dagger of venom
 Z - a +1 great sword of freezing
Missiles
 d - 16 bolts (quivered)
 g - 30 sling bullets
 h - 4 atropa-tipped darts
 D - a throwing net
 F - 113 arrows
 G - 6 boomerangs
Armour
 c - a +0 cloak (worn)
 p - a scarf of cloud immunity
 v - a +2 pair of gloves (worn)
 x - +0 steam dragon scales
 y - a +0 troll leather armour
 H - a +1 shield (worn)
 I - a +0 chain mail (worn)
 N - a +0 robe of fire resistance
Magical Staves
 o - an uncursed staff of air {unknown}
Jewellery
 k - a ring of protection from magic (left hand)
 J - a +4 ring of slaying (right hand)
 S - an uncursed ring of resist corrosion
Wands
 K - a wand of paralysis (6)
 W - a wand of random effects (7)
Scrolls
 e - 2 scrolls of remove curse
 i - 2 scrolls of noise
 n - 2 scrolls of magic mapping
 r - a scroll of random uselessness
 s - a scroll of blinking
 w - 6 scrolls of identify
 T - 4 scrolls of teleportation
 V - a scroll of fog
Potions
 j - 6 potions of curing {unknown}
 q - a potion of mutation
 t - a potion of haste
 u - a potion of invisibility {unknown}
 z - a potion of agility {unknown}
 A - a potion of might
 B - 10 potions of degeneration
 P - 3 potions of brilliance
 U - 2 potions of magic
Miscellaneous
 Y - a lamp of fire
Comestibles
 f - 7 rations


   Skills:
 - Level 4.9(4.6) Fighting
 * Level 3.6(6.7) Short Blades
 - Level 10.2(10.1) Long Blades
 - Level 0.1(0.0) Maces & Flails
 - Level 2.6(2.3) Polearms
 - Level 8.6(8.3) Crossbows
 - Level 2.7(2.4) Throwing
 + Level 9.3(9.0) Armour
 + Level 6.0(5.6) Dodging
 + Level 2.9(2.6) Stealth
 + Level 3.8(3.5) Shields
 + Level 2.6(2.3) Spellcasting
 + Level 3.4(3.1) Invocations


You had 15 spell levels left.
You didn't know any spells.
Your spell library contained the following spells:

 Spells                   Type           Power        Failure   Level  Hunger
 Corona                   Hex            #......      100%        1    ##.....
 Ensorcelled Hibernation  Hex/Ice        #.....       100%        2    ###....
 Confuse                  Hex            #.......     100%        3    ####...
 Dazzling Spray           Conj/Hex       #.....       100%        3    ####...
 Tukima's Dance           Hex            #.......     100%        3    ####...


Dungeon Overview and Level Annotations

Branches:
Dungeon (10/15)            Temple (1/1) D:7            Lair (0/6) D:10
    Orc (1/2) D:10          Sewer (visited)

Altars:
Ashenzari
Cheibriados
Dithmenos
Elyvilon
Fedhas
Gozag
Hepliaklqana
Kikubaaqudgha
Makhleb
Nemelex Xobeh
Okawaru
Qazlal
Ru
Sif Muna
Uskayaw
Vehumet
Xom
Yredelemnul
Zin
The Shining One

Shops:
D:4 :   D:6 (   D:7 :


Innate Abilities, Weirdness & Mutations

Shadows flee at your approach. (+LOS)
You can swim through water.
You cover ground slowly.
You can hop short distances.
You have very sharp teeth.
You have a pair of small horns on your head.
You have sharp toenails.


Message History

The jiangshi draws strength from your injuries!
You renew your call for help.
The jiangshi claws you but does no damage.
The jiangshi claws you.
* * * LOW HITPOINT WARNING * * *
The jiangshi draws strength from your injuries!
The jiangshi claws you but does no damage.
The jiangshi claws you! Elyvilon protects you from harm!
The jiangshi draws strength from your injuries!
You renew your call for help.
You block the jiangshi's attack. The jiangshi claws you.
Elyvilon protects you from harm!
The jiangshi draws strength from your injuries!
You block the jiangshi's attack. x2
Press: ? - help, v - describe, . - travel A corrupted altar of Lugonu.
A wretched star comes into view.
You renew your call for help.
The jiangshi claws you!
You die...

#.#≈≈ #.)##.#.#.. .≈≈.
##.## ... #. #.≈≈###Z##
..# .#. #..≈≈..### V ..
...#≈≈.V.# .#..# .#.
#_≈...# ..... .#
#≈#..#.#...###..#
####≈≈##.#.......#..
#..@V≈..#...#.## #.
......#...♣.###.###.#..#
#... #...≈.#..##.##... .
.. #...#..## #.#..
.##≈##.# # ( # # .. ..#
.# #(( .#. ... .≈. .. #(
..#. .### ### #.# #. .
#. . #


You could see a jiangshi.

Vanquished Creatures
  A harpy (shapeshifter) (Abyss:2)
  A troll (D:10)
  2 hippogriffs (D:7)
  Sigmund (D:5)
  4 yaks (D:10)
  A wyvern (D:10)
  A vampire (D:10)
  A steam dragon (D:10)
  A hungry ghost (D:10)
  2 large abominations (Abyss:2)
  A swamp drake (D:10)
  4 porcupines (D:10)
  An ice beast (D:5)
  3 orc warriors (D:10)
  2 sky beasts (D:5)
  A necrophage (D:6)
  3 ogres
  A phantom (D:7)
  4 centaurs
  3 black bears
  A crocodile (D:10)
  2 bullfrogs (D:7)
  8 wights
  A howler monkey (D:4)
  2 bullfrog zombies
  3 crimson imps
  A jelly (D:10)
  4 orc priests
  2 hounds
  5 orc wizards
  5 bullfrog skeletons
  Terence (D:3)
  Jessica (D:3)
  A centaur skeleton (D:10)
  5 iguanas
  Natasha (thrice) (D:3)
  4 worker ants
  Robin (D:4)
  A worker ant zombie (D:7)
  19 adders
  8 river rats
  An ooze (D:2)
  An adder zombie (D:6)
  2 adder skeletons (D:7)
  4 worms
  3 dart slugs
  5 leopard geckos
  25 orcs
  3 ball pythons (Sewer)
  5 giant cockroaches
  11 goblins
  11 hobgoblins
  7 jackals
  7 quokkas
  12 bats
  12 frilled lizards
  2 jackal skeletons (D:4)
  9 kobolds
  A quokka skeleton (D:4)
  11 rats
  2 butterflies (D:5)
  A fungus (D:2)
  A plant (D:10)
252 creatures vanquished.

Vanquished Creatures (others)
  An orc knight (D:10)
  38 fungi (D:10)
  6 plants (D:10)
45 creatures vanquished.

Grand Total: 297 creatures vanquished

Notes
Turn   | Place    | Note
-------+----------+-------------------------------------------
     0 | D:1      | HouseUA the Barachi Hunter began the quest for the Orb.
     0 | D:1      | Reached XP level 1. HP: 17/17 MP: 1/1
   121 | D:1      | Reached XP level 2. HP: 23/23 MP: 2/2
   536 | D:1      | Reached XP level 3. HP: 28/28 MP: 3/3
  1063 | D:2      | Reached skill level 5 in Crossbows
  1092 | D:2      | Reached XP level 4. HP: 34/34 MP: 4/4
  1272 | D:2      | Found a white marble altar of Elyvilon.
  1293 | D:2      | Became a worshipper of Elyvilon the Healer
  1733 | D:3      | Reached skill level 5 in Armour
  1733 | D:3      | Reached skill level 5 in Dodging
  1733 | D:3      | Reached XP level 5. HP: 13/43 MP: 4/8
  1734 | D:3      | Gained mutation: You have a pair of small horns on your
                  | head. [potion of mutation]
  1734 | D:3      | Gained mutation: You have sharp toenails. [potion of
                  | mutation]
  1734 | D:3      | Gained mutation: You have very sharp teeth. [potion of
                  | mutation]
  1739 | D:3      | Reached XP level 6. HP: 35/50 MP: 4/9
  1893 | D:3      | Noticed Terence
  1901 | D:3      | Killed Terence
  1931 | D:3      | Reached * piety under Elyvilon
  1976 | D:3      | Noticed Jessica
  1976 | D:3      | Noticed Natasha
  1980 | D:3      | Killed Natasha
  1985 | D:3      | Killed Jessica
  2208 | D:3      | Noticed Natasha
  2210 | D:3      | Killed Natasha
  2440 | D:3      | Noticed Natasha
  2444 | D:3      | Killed Natasha
  2545 | D:4      | Reached XP level 7. HP: 54/55 MP: 10/10
  2562 | D:4      | Found Raapuere's Book Shoppe.
  2852 | D:4      | Noticed Robin
  2876 | D:4      | Killed Robin
  2988 | D:4      | Reached ** piety under Elyvilon
  3323 | D:5      | Entered Level 5 of the Dungeon
  3377 | D:5      | Reached skill level 1 in Long Blades
  3382 | D:5      | Found a hide-covered altar of Uskayaw.
  3419 | D:5      | Reached skill level 2 in Long Blades
  3419 | D:5      | Reached XP level 8. HP: 19/61 MP: 11/11
  3771 | D:5      | Noticed Sigmund
  3783 | D:5      | Killed Sigmund
  3783 | D:5      | Reached skill level 3 in Long Blades
  3893 | D:5      | Reached skill level 4 in Long Blades
  3905 | D:5      | Found a glowing drain.
  3921 | Sewer    | Entered a sewer
  4259 | D:5      | Reached *** piety under Elyvilon
  4687 | D:5      | Reached skill level 5 in Long Blades
  4727 | D:5      | Found a shimmering altar of Xom.
  5158 | D:6      | Reached XP level 9. HP: 37/67 MP: 12/12
  5431 | D:6      | Found Dagoi's Antique Weapon Boutique.
  5523 | D:6      | Reached **** piety under Elyvilon
  5630 | D:6      | Reached skill level 6 in Long Blades
  6071 | D:7      | Reached skill level 7 in Long Blades
  6256 | D:7      | Found Vuodethretuff's Book Shoppe.
  6377 | D:7      | Reached skill level 1 in Shields
  6389 | D:7      | Found a staircase to the Ecumenical Temple.
  6515 | Temple   | Entered the Ecumenical Temple
  6780 | D:7      | You fall into a shaft and drop 3 floors!
  6780 | D:10     | Entered Level 10 of the Dungeon
  6820 | D:10     | Reached skill level 8 in Long Blades
  6820 | D:10     | Reached XP level 10. HP: 48/73 MP: 13/13
  7282 | D:10     | Found a staircase to the Lair.
  7311 | D:10     | Reached skill level 9 in Long Blades
  7752 | D:10     | Found a shimmering blue altar of Sif Muna.
  8356 | D:10     | Found a staircase to the Orcish Mines.
  8380 | D:10     | Reached skill level 10 in Long Blades
  8422 | Orc:1    | Entered Level 1 of the Orcish Mines
  8422 | Orc:1    | Noticed an orc knight
  8457 | D:10     | Elyvilon protects you from harm!
  8477 | D:10     | Banished an orc knight
  8708 | D:10     | Cast into level 2 of the Abyss (a distortion unwield)
  8734 | Abyss:2  | Found a corrupted altar of Lugonu.
  8778 | Abyss:2  | Noticed a harpy
  8791 | Abyss:2  | Killed a harpy
  8791 | Abyss:2  | Reached XP level 11. HP: 66/78 MP: 14/14
  8877 | Abyss:2  | Noticed a worldbinder
  8884 | Abyss:2  | Noticed a large abomination
  8892 | Abyss:2  | Killed a large abomination
  8897 | Abyss:2  | Noticed a jiangshi
  8899 | Abyss:2  | Noticed a vampire mage
  8920 | Abyss:2  | Found a corrupted altar of Lugonu.
  8922 | Abyss:2  | Elyvilon protects you from harm!
  8923 | Abyss:2  | HP: 3/78 [jiangshi[a vampire mage] (3)]
  8924 | Abyss:2  | Elyvilon protects you from harm!
  8925 | Abyss:2  | Elyvilon protects you from harm!
  8930 | Abyss:2  | Noticed a wretched star
  8932 | Abyss:2  | Slain by a jiangshi

Levels and vault maps discovered:
D:1:      evilmike_arrival_plus, layout_basic, serial_glass, glass_columns_a,
          glass_columns_b, glass_columns_a, glass_columns_a, feat_on_display,
          due_unseen_surprise
D:2:      layout_rooms, first_ration, elyvilon_altar_1
D:3:      layout_rooms, amethyst_killhole, kennysheep_jessica_study,
          uniq_natasha, uniq_terence
D:4:      layout_basic, serial_shops, shop_statue, uniq_robin
D:5:      layout_basic, xom_butterflies, overflow_temple_1_default,
          lightli_sewer_entry_pipes, st_stairs_9, fountainhead,
          nrook_pool_corridor, uniq_sigmund
D:6:      layout_basic, serial_shops, nicolae_shop_waterfront
D:7:      layout_rooms, minmay_temple_entry_offerings, serial_shops,
          nicolae_shop_waterfront
D:10:     layout_basic, due_lair_maze_entry_diamond, erik_orc_1, basic_altar
Temple:   dpeg_five_rooms_temple
Orc:1:    layout_diamond_mine, basic_altar
Abyss:2

Skill      XL: |  1  2  3  4  5  6  7  8  9 10 11 |
---------------+----------------------------------+-----
Crossbows      | 5 7 8 |  8.6
Fighting       | 4 |  4.9
Short Blades   | 3 |  3.6
Polearms       | 2 |  2.6
Throwing       | 2 |  2.7
Armour         | 5 6 7 9 |  9.3
Dodging        | 5 6 |  6.0
Stealth        | 2 |  2.9
Spellcasting   | 2 |  2.6
Invocations    | 2 3 |  3.4
Long Blades    | 2 5 8 10 | 10.2
Shields        | 1 3 |  3.8
Maces & Flails | |  0.1

Action                   |  1- 3 |  4- 6 |  7- 9 | 10-12 || total
-------------------------+-------+-------+-------+-------++-------
Melee: Hand crossbow     |       |     2 |       |     1 ||     3
       Falchion          |       |       |   231 |   135 ||   366
       Kick              |       |       |    79 |    45 ||   124
       Headbutt          |       |       |    37 |    43 ||    80
       Bite              |       |       |    27 |    23 ||    50
       Flail             |       |       |       |     3 ||     3
 Fire: Hand crossbow     |    63 |   133 |    89 |   114 ||   399
Invok: Lesser Healing    |       |       |       |    14 ||    14
       Greater Healing   |       |       |       |     7 ||     7
       Divine Protection |       |       |       |     8 ||     8
 Abil: Hop               |       |     2 |     3 |     4 ||     9
  Use: Scroll            |     6 |     2 |     7 |     5 ||    20
       Potion            |       |     3 |       |     9 ||    12
  Eat: Chunk             |     1 |     4 |     8 |     8 ||    21
       Ration            |       |     1 |     3 |     1 ||     5
Armor: Leather armour    |     2 |       |       |       ||     2
       Skin              |       |     2 |       |     5 ||     7
       Chain mail        |       |     6 |   122 |    98 ||   226
Dodge: Dodged            |    19 |    45 |    65 |    49 ||   178
Block: Shield            |       |       |    63 |    78 ||   141
       Rpst.: Falchion   |       |       |    18 |    11 ||    29
